 Dungeon Crawl Stone Soup version 0.30-a0-451-ge042605de7 (webtiles) character file.

Game seed: 7780588282876236019

510 Joey1 the Chiller (level 7, 0/50 HPs)
             Began as a Merfolk Ice Elementalist on Dec 11, 2022.
             Was an Initiate of Vehumet.
             Slain by a wraith (8 damage)
             ... in an ossuary.
             The game lasted 00:31:17 (5820 turns).

Joey1 the Chiller (Merfolk Ice Elementalist)        Turns: 5820, Time: 00:31:18

Health: 0/50       AC:  6    Str: 11    XL:     7   Next: 19%
Magic:  14/22      EV: 13    Int: 19    God:    Vehumet [......]
Gold:   252        SH:  5    Dex: 14    Spells: 10/14 levels left

rFire   . . .      SeeInvis .    B - +9 hand axe of an ossuary {pain, Contam Int+5}
rCold   . . .      Faith    .    (no shield)
rNeg    . . .      Spirit   .    a - +0 robe
rPois   .          Reflect  +    G - +1 helmet
rElec   .          Harm     .    i - +0 cloak
rCorr   .          Rampage  .    (no gloves)
Will    .....                    f - +0 pair of boots
Stlth   ++........               C - amulet of reflection
HPRegen 0.28/turn                q - ring of flight
MPRegen 0.18/turn                u - ring of magical power

@: flying, slowed, very slow
A: (nimble swimmer 2), mertail
a: Renounce Religion


You were in an ossuary.
You worshipped Vehumet.
Vehumet was noncommittal.
You visited 1 branch of the dungeon, and saw 6 of its levels.
You also visited: Ossuary.

You collected 252 gold pieces.

Inventory:

Hand Weapons
 g - a +0 dagger
 p - a +0 hand axe of draining
 r - a +1 dagger of draining
 B - the +9 hand axe of an ossuary (weapon) {pain, Contam Int+5}
   (You found it on level 4 of the Dungeon)

   In the hands of one skilled in necromantic magic, it inflicts extra damage on
   living creatures.
   Int:       It affects your intelligence (+5).
   Contam:    It causes magical contamination when unequipped.
 E - a +4 dagger
Armour
 a - a +0 robe (worn)
 f - a +0 pair of boots (worn)
 i - a +0 cloak (worn)
 s - a +0 helmet
 G - a +1 helmet (worn)
Jewellery
 m - an amulet of faith
 q - a ring of flight (left hand)
 u - a ring of magical power (right hand)
 C - an amulet of reflection (around neck)
 D - a +6 ring of strength
Wands
 t - a wand of iceblast (13)
Scrolls
 c - a scroll of fear
 d - 2 scrolls of amnesia
 j - a scroll of silence
 k - a scroll of butterflies
 l - 2 scrolls of noise {unknown}
 o - 2 scrolls of poison
 w - a scroll of vulnerability {unknown}
 y - 2 scrolls of teleportation
 A - a scroll of blinking {unknown}
 I - a scroll of identify
Potions
 b - a potion of magic
 e - 2 potions of brilliance {unknown}
 h - a potion of lignification {unknown}
 n - 3 potions of attraction {unknown}
 v - a potion of berserk rage {unknown}
 x - a potion of mutation {unknown}
 z - 2 potions of curing {unknown}
 F - a potion of might {unknown}
 H - a potion of degeneration {unknown}


   Skills:
 - Level 2.0 Fighting
 + Level 3.2 Axes
 - Level 3.0 Dodging
 - Level 3.0 Stealth
 - Level 4.0 Spellcasting
 - Level 6.0 Ice Magic


You had 10 spell levels left.
You knew the following spells:

 Your Spells              Type           Power      Damage    Failure   Level
a - Freeze                Ice            100%       1d10      1%          1
b - Frozen Ramparts       Ice            52%        1d8       3%          3

Your spell library contained the following spells:

 Spells                   Type           Power      Damage    Failure   Level
 Ozocubu's Armour         Ice            26%        N/A       3%          3
 Apportation              Tloc           6%         N/A       14%         1
 Shock                    Conj/Air       12%        1d3       14%         1
 Summon Ice Beast         Ice/Summ       15%        N/A       36%         4
 Swiftness                Air            3%         N/A       38%         3
 Metabolic Englaciation   Hex/Ice        7%         N/A       73%         5
 Airstrike                Air            1%         2d(1-17)  80%         4
 Animate Dead             Necr           3%         N/A       80%         4
 Alistair's Intoxication  Tmut/Pois      2%         N/A       98%         5
 Simulacrum               Ice/Necr       7%         N/A       99%         6
 Haunt                    Necr/Summ      1%         N/A       100%        7
 Infestation              Necr           1%         N/A       100%        8


Dungeon Overview and Level Annotations

Branches:
Dungeon (6/15)            Ossuary (1/1)
 Temple: D:4-7

Altars:
Cheibriados
Dithmenos
Hepliaklqana
Qazlal
Vehumet
Xom
Zin

Annotations:
D:4 2 transporters
D:5 exclusions: ice beast and two-headed ogre


Innate Abilities, Weirdness & Mutations

((You are very nimble when in or above water. (Stealth+, EV+, Speed+++)))
Your lower body shifts to a powerful aquatic tail in water.


Message History

Casting: Freeze (safe; 1% risk of failure)
Confirm with . or Enter, or press ? or * to list all spells.
Aiming: Freeze (safe; 1% risk of failure)
Press: ? - help, Shift-Dir - straight line, f/p - wraith
Aim: a wraith (heavily damaged)
You freeze the wraith.
The wraith resists.
The wraith is heavily damaged.
The wall freezes the wraith but does no damage.
The wraith hits you.
* * * LOW HITPOINT WARNING * * *
The wraith drains your vigour!
You feel as though you will be slow longer.
You closely miss the wraith.
The wraith is heavily damaged.
The wall freezes the wraith but does no damage.
The wraith hits you.
* * * LOW HITPOINT WARNING * * *
The wraith drains your vigour!
You feel as though you will be slow longer.
The wall freezes the wraith but does no damage.
You block the wraith's attack.
You hit the wraith.
The wraith is severely damaged.
The wall freezes the wraith but does no damage.
You block the wraith's attack.
The wall freezes the wraith but does no damage.
The wraith misses you.
You hit the wraith.
The wraith is severely damaged.
The wall freezes the wraith but does no damage.
The wraith barely misses you.
The wall freezes the wraith but does no damage.
The wraith hits you.
* * * LOW HITPOINT WARNING * * *
The wraith drains your vigour!
You feel as though you will be slow longer.
You closely miss the wraith.
The wraith is severely damaged.
The frozen ramparts melt away.
The wraith hits you!
You die...

###############
...............
...............
#####'#####
##.........##
##...#####...##
##...##...##...##
#...##.!!..##...#
+...@W!????.#...+
#...##.....##...#
##...##...##...##
##...#####...## .
##.........##...
..#####'#####....
.................
.................
######'''########


You could see a wraith.

Vanquished Creatures
  Blork the orc (D:5)
  2 scorpions
  A hound (D:5)
  An iguana (D:4)
  2 orc wizards
  2 mummies
  Robin (D:4)
  5 adders
  2 ufetubi
  2 worms
  2 dart slugs
  10 orcs
  6 ball pythons
  10 endoplasms
  3 giant cockroaches
  17 goblins
  5 hobgoblins
  6 jackals
  5 quokkas
  3 bats (D:1)
  3 frilled lizards
  3 gnoll skeletons (Ossuary)
  7 kobolds
  3 kobold skeletons (Ossuary)
  3 orc skeletons (Ossuary)
  3 rats
108 creatures vanquished.

Vanquished Creatures (others)
  A fungus (D:5)
  3 toadstools (D:5)
4 creatures vanquished.

Grand Total: 112 creatures vanquished

Notes
Turn   | Place    | Note
-------+----------+-------------------------------------------
     0 | D:1      | Joey1 the Merfolk Ice Elementalist began the quest for the
                  | Orb.
     0 | D:1      | Reached XP level 1. HP: 13/13 MP: 3/3
   189 | D:1      | Reached XP level 2. HP: 19/19 MP: 3/5
   529 | D:1      | Found a faded altar of an unknown god.
  1061 | D:2      | Reached XP level 3. HP: 24/24 MP: 3/6
  1794 | D:2      | Reached skill level 5 in Ice Magic
  1794 | D:2      | Reached XP level 4. HP: 21/30 MP: 3/8
  1798 | D:2      | Learned a level 3 spell: Frozen Ramparts
  1941 | D:3      | Found a stormy altar of Qazlal.
  1943 | D:3      | Found a radiant altar of Vehumet.
  2021 | D:3      | Reached skill level 1 in Fighting
  2102 | D:3      | Found a shimmering altar of Xom.
  2105 | D:3      | Found a snail-covered altar of Cheibriados.
  2105 | D:3      | Found a hazy altar of Hepliaklqana.
  2781 | D:3      | Found a glowing silver altar of Zin.
  2924 | D:4      | Reached XP level 5. HP: 35/35 MP: 9/9
  3004 | D:4      | Found a transporter.
  3005 | D:4      | Noticed a kobold demonologist
  3019 | D:4      | Found a transporter.
  3053 | D:4      | Reached skill level 6 in Ice Magic
  3258 | D:4      | Noticed Robin
  3265 | D:4      | Killed Robin
  3374 | D:4      | Identified the +9 hand axe of an ossuary {pain, Contam
                  | Int+5}
  3381 | D:4      | Reached XP level 6. HP: 44/44 MP: 11/11
  3528 | D:4      | Reached skill level 1 in Axes
  4213 | D:5      | Entered Level 5 of the Dungeon
  4412 | D:5      | Noticed an ice beast
  4578 | D:5      | Noticed Blork the orc
  4591 | D:5      | Killed Blork the orc
  4592 | D:5      | Reached XP level 7. HP: 50/50 MP: 13/13
  4844 | D:5      | Noticed a two-headed ogre
  5574 | D:3      | Found a shadowy altar of Dithmenos.
  5583 | D:3      | Became a worshipper of Vehumet
  5686 | D:6      | Found a sand-covered staircase.
  5697 | Ossuary  | Entered an ossuary
  5697 | Ossuary  | Noticed a wraith
  5697 | Ossuary  | Noticed a wraith
  5697 | Ossuary  | Noticed a wraith
  5786 | Ossuary  | Noticed a wraith
  5820 | Ossuary  | Slain by a wraith

Illustrated notes

Levels and vault maps discovered:
D:1:      roderic_octagonal_star, layout_basic, ebering_ecumenical_altar_box
D:2:      layout_basic
D:3:      layout_loops_ring, grunt_temple_overflow_open,
          nicolae_overflow_hidden_temple
D:4:      gammafunk_wand_slinger, layout_basic, uniq_robin
D:5:      layout_loops_corners, minmay_stone_trees_medium,
          minmay_gold_behind_fungi, minmay_misc_feat_ornament,
          uniq_blork_the_orc
D:6:      nicolae_cairo_tiling_large_dashed, layout_loops_corners,
          minmay_temple_entry_junction, nicolae_ossuary_entry_giza
Ossuary:  ossuary_due_mausoleum

Skill      XL: |  1  2  3  4  5  6  7 |
---------------+----------------------+-----
Stealth        | 3 |  3.0
Spellcasting   | 3 4 |  4.0
Ice Magic      | 5 6 |  6.0
Fighting       | 1 2 |  2.0
Dodging        | 3 |  3.0
Axes           | 2 3 |  3.2

Action                   |  1- 3 |  4- 6 |  7- 9 || total
-------------------------+-------+-------+-------++-------
Melee: Unarmed           |    24 |       |       ||    24
       Dagger            |    12 |    19 |       ||    31
       Hand axe          |       |     5 |    27 ||    32
 Cast: Freeze            |    57 |    66 |    11 ||   134
       Frozen Ramparts   |       |     7 |     4 ||    11
  Use: Scroll            |       |       |     6 ||     6
 Stab: Sleeping          |     1 |     3 |       ||     4
Armor: Robe              |     7 |    12 |     4 ||    23
Dodge: Dodged            |    48 |    51 |    16 ||   115
Block: Other             |       |     1 |     9 ||    10

Table legend: (Time is in decaauts)
 A = Elapsed time spent in this place.
 B = Non-inter-level travel time spent in this place.
 C = Inter-level travel time spent in this place.
 D = Time resting spent in this place.
 E = Time spent auto-exploring this place.
 F = Levels seen in this place.
 G = Mean time per level.
                   A        B        C        D        E       F      G
               +--------+--------+--------+--------+--------+-----+--------+
         Total |   5829 |   5385 |    444 |     61 |   4520 |   7 |  832.7 |
       Dungeon |   5699 |   5255 |    444 |     61 |   4445 |   6 |  949.8 |
       Ossuary |    129 |    129 |      0 |      0 |     75 |   1 |  129.0 |
               +--------+--------+--------+--------+--------+-----+--------+

Top non-repeatable levels by time:
     D:5: 1384 daAuts
     D:4: 1320 daAuts
     D:1: 1048 daAuts
     D:3: 1008 daAuts
     D:2: 880 daAuts
 Ossuary: 129 daAuts
     D:6: 56 daAuts
